 Dungeon Crawl Stone Soup version 0.14-a0-2001-g390038d (webtiles) character file.

28675 Kae the Unseen (level 13, 0/63 HPs)
             Began as a Spriggan Enchanter on Jan 18, 2014.
             Was the Champion of Dithmengos.
             Shot with a poisoned arrow of flame by Nessos (17 damage)
             ... on Level 11 of the Dungeon.
             The game lasted 00:32:50 (14607 turns).

Kae the Unseen (Spriggan Enchanter)                Turns: 14607, Time: 00:32:50

HP   0/63        AC  3     Str  8      XL: 13   Next:  6%
MP  14/31        EV 18     Int 17      God: Dithmengos [******]
Gold 856         SH  0     Dex 17      Spells:  4 memorised, 13 levels left

rFire  . . .     SeeInvis +     a - +1,-3 dagger
rCold  . . .     Clarity  .     b - +0 robe
rNeg   . . .     Conserve .     (shield restricted)
rPois  .         rCorr    .     (helmet restricted)
rElec  .         rRot     .     c - +0 cloak
SustAb . .       Spirit   .     (gloves unavailable)
rMut   .         Warding  .     (boots unavailable)
Saprov . . .     Stasis   .     (no amulet)
MR     ++...                    (no ring)
                                (no ring)

@: invisible, very poisoned, very slightly contaminated, wreathed by umbra, very
quick, very resistant to hostile enchantments, uncannily stealthy
A: unfitting armour, see invisible, herbivore 3, speed 3, slow metabolism 2
a: Shadow Step, Shadow Form, Renounce Religion


You were on level 11 of the Dungeon.
You worshipped Dithmengos.
Dithmengos was exalted by your worship.
You were not hungry.

You visited 2 branches of the dungeon, and saw 15 of its levels.

You collected 856 gold pieces.

Inventory:

Hand weapons
 a - a +1,-3 dagger (weapon)
Missiles
 d - 12 darts (quivered)
 s - 4 tomahawks
 F - 5 silver tomahawks
 J - 7 poisoned tomahawks
Armour
 b - a +0 robe (worn)
 c - a +0 cloak (worn)
Magical devices
 e - a wand of digging (7)
 y - a wand of random effects (11) {unknown}
 A - a wand of teleportation (1)
 C - a wand of heal wounds (5)
 E - a wand of lightning (9)
Comestibles
 h - 2 chokos
 o - 8 strawberries
 p - an orange
 q - an apple
 z - 2 pears
 D - 5 bread rations
 H - an apricot
 M - 5 honeycombs
Scrolls
 i - a scroll of enchant armour {unknown}
 j - 3 scrolls of identify {unknown}
 k - a scroll of magic mapping {unknown}
 l - 2 scrolls of immolation {unknown}
 m - a scroll of random uselessness {unknown}
 n - a scroll of remove curse {unknown}
 r - 2 scrolls of enchant weapon II {unknown}
 u - a scroll of fear {unknown}
 v - a scroll of teleportation {unknown}
 w - a scroll of enchant weapon III {unknown}
Jewellery
 L - an uncursed ring of protection from cold {unknown}
Potions
 f - a potion of flight
 g - a potion of magic {unknown}
 t - a potion of agility {unknown}
 x - a potion of heal wounds
 B - a potion of invisibility {unknown}
 G - 8 potions of curing
 I - a potion of might
 K - a potion of restore abilities {unknown}


   Skills:
 + Level 5.3 Fighting
 * Level 12.1 Short Blades
 - Level 1.1 Throwing
 + Level 4.9 Armour
 - Level 3.0 Dodging
 * Level 16.6 Stealth
 - Level 6.5 Spellcasting
 - Level 14.5 Hexes


You had 13 spell levels left.
You knew the following spells:

 Your Spells              Type           Power        Failure   Level  Hunger
a - Corona                Hex            ######.      1%          1    None
b - Ensorcelled Hibernat  Hex/Ice        ####..       1%          2    None
c - Confuse               Hex            ######..     1%          3    ##.....
d - Invisibility          Hex            ######..     6%          6    #######


Dungeon Overview and Level Annotations

Branches:
Dungeon (11/16)            Temple (0/1) D:6             Orc (0/4) D:9
   Lair (4/8) D:8           Snake (0/5) Lair:4
  Swamp: Lair:3-6    Shoals: Lair:3-6    Spider: Lair:3-6

Altars:
Cheibriados
Dithmengos
Nemelex Xobeh
Trog
Vehumet

Annotations:
D:11 Nessos


Innate Abilities, Weirdness & Mutations

You are tiny and cannot use many weapons and most armour.
You have supernaturally acute eyesight.
You are a herbivore.
You cover ground extremely quickly.
You need consume almost no food.


Message History

Nessos resists.
You feel sick.
Nessos shoots a poisoned arrow of flame.
The poisoned arrow of flame hits you!
You are more poisoned.
* * * LOW HITPOINT WARNING * * *
Unknown command.
Unknown command.
Drink which item? (? for menu, Esc to quit)
You feel much better.
Your possessions no longer seem quite so burdensome.
You feel sick.
Nessos shoots a poisoned arrow of flame.
The poisoned arrow of flame hits you!
One of your 2 scrolls labeled FYVVAY CISUEX catches fire!
You are more poisoned.
* * * LOW HITPOINT WARNING * * *
Nessos shoots a poisoned arrow of flame.
The poisoned arrow of flame hits you!
You are more poisoned.
You die...

#########. #...>......
#.........?.
#............
#............
############...§§§......
...............§§§c.....#
############...§@§......#
##############


You could see Nessos.

Vanquished Creatures
  A hydra (Lair:3)
  Erolcha (D:9)
  3 hill giants
  Pikel (D:7)
  A griffon (Lair:4)
  5 elephants (Lair:3)
  Maurice (D:9)
  4 black mambas
  The ghost of Kae the Basher, an experienced MiFi (D:6)
  Grinder (D:3)
  2 queen bees
  A troll (D:8)
  A slime creature (D:7)
  A basilisk (Lair:3)
  7 blink frogs
  A wyvern (Lair:2)
  5 ugly things (D:10)
  30 yaks
  3 hungry ghosts
  A hill giant skeleton (D:11)
  3 hippogriffs
  2 mottled dragons (D:11)
  A necrophage (D:7)
  4 ice beasts
  4 slaves (D:7)
  A black bear (D:10)
  2 orc warriors
  6 porcupines
  4 ogres
  8 crocodiles
  A yellow wasp (D:6)
  2 phantoms
  Sigmund (D:7)
  2 centaurs
  6 lava worms (D:10)
  4 giant slugs
  A big kobold (D:5)
  Blork the orc (D:7)
  A manticore zombie (D:9)
  4 agate snails
  4 water moccasins
  13 giant frogs
  5 wights (D:10)
  A lava fish (D:10)
  42 killer bees
  6 lava snakes (D:10)
  2 goliath beetles
  4 crimson imps
  9 hounds
  12 jellies
  2 quasits
  7 orc priests
  Crazy Yiuf (D:4)
  7 orc wizards
  A water moccasin zombie (D:9)
  A centaur skeleton (D:9)
  4 scorpions
  8 iguanas
  6 worker ants
  9 sheep
  Ijyb (D:2)
  9 green rats
  11 adders
  3 gnolls (D:2)
  A giant mite (D:3)
  2 giant centipedes
  An inept feature mimic (D:9)
  2 worms
  A grey rat (D:1)
  5 giant eyeballs
  15 giant geckos
  11 oozes
  26 orcs
  2 ball pythons
  21 bats
  3 giant cockroaches
  13 hobgoblins
  9 jackals
  18 kobolds
  10 quokkas
  10 giant newts
  16 goblins
  2 hobgoblin skeletons
  A jackal zombie (D:8)
  A kobold zombie (D:5)
  An orc skeleton (D:10)
  28 rats
  A fungus (D:7)
497 creatures vanquished.

Vanquished Creatures (others)
  A giant spore (D:10)
  4 fungi (D:7)
5 creatures vanquished.

Grand Total: 502 creatures vanquished

Notes
Turn   | Place    | Note
--------------------------------------------------------------
     0 | D:1      | Kae, the Spriggan Enchanter, began the quest for the Orb.
     0 | D:1      | Reached XP level 1. HP: 9/9 MP: 4/4
   226 | D:1      | Reached XP level 2. HP: 8/13 MP: 7/7
   238 | D:1      | Learned a level 2 spell: Ensorcelled Hibernation
   678 | D:1      | Reached skill level 4 in Stealth
   678 | D:1      | Reached XP level 3. HP: 3/16 MP: 5/11
  1461 | D:2      | Found a shadowy altar of Dithmengos.
  1480 | D:2      | Reached XP level 4. HP: 21/21 MP: 10/13
  1893 | D:2      | Became a worshipper of Dithmengos
  1927 | D:2      | Found a sparkling altar of Nemelex Xobeh.
  1994 | D:2      | Noticed Ijyb
  2007 | D:2      | Killed Ijyb
  2053 | D:2      | Learned a level 3 spell: Confuse
  2382 | D:3      | HP: 1/21 [orc wizard/puff of flame (3)]
  2664 | D:3      | Reached skill level 5 in Stealth
  2664 | D:3      | Reached XP level 5. HP: 11/24 MP: 3/17
  2999 | D:3      | Noticed Grinder
  3021 | D:3      | Killed Grinder
  3021 | D:3      | Reached skill level 6 in Stealth
  3021 | D:3      | Reached skill level 5 in Hexes
  3021 | D:3      | Reached XP level 6. HP: 5/28 MP: 3/20
  3492 | D:3      | Found a bloodstained altar of Trog.
  3800 | D:4      | Reached skill level 7 in Stealth
  3811 | D:4      | Noticed Crazy Yiuf
  3819 | D:4      | Killed Crazy Yiuf
  3819 | D:4      | Reached XP level 7. HP: 32/32 MP: 18/21
  4378 | D:5      | Entered Level 5 of the Dungeon
  4931 | D:5      | Reached skill level 5 in Short Blades
  5012 | D:5      | Reached skill level 8 in Stealth
  5367 | D:6      | Reached skill level 5 in Spellcasting
  5427 | D:6      | Noticed Kae's ghost (experienced MiFi)
  5486 | D:6      | Killed Kae's ghost
  5486 | D:6      | Reached skill level 9 in Stealth
  5486 | D:6      | Reached XP level 8. HP: 29/36 MP: 6/24
  5576 | D:6      | Noticed a hill giant
  5779 | D:6      | Found a staircase to the Ecumenical Temple.
  5823 | D:6      | Acquired Dithmengos' first power
  5827 | D:6      | Reached skill level 10 in Stealth
  6020 | D:6      | Killed a hill giant
  6020 | D:6      | Reached XP level 9. HP: 39/39 MP: 14/27
  6308 | D:7      | Reached skill level 11 in Stealth
  6403 | D:7      | Noticed Blork the orc
  6431 | D:7      | Killed Blork the orc
  6615 | D:7      | Learned a level 6 spell: Invisibility
  6640 | D:7      | Reached skill level 14 in Hexes
  6640 | D:7      | Reached XP level 10. HP: 36/44 MP: 28/28
  6667 | D:7      | Noticed Pikel
  6673 | D:7      | Killed Pikel
  6760 | D:7      | Noticed Sigmund
  6768 | D:7      | Killed Sigmund
  6797 | D:7      | Reached skill level 1 in Fighting
  6982 | D:7      | Acquired Dithmengos' second power
  6996 | D:7      | Reached skill level 1 in Armour
  7890 | D:8      | Found a staircase to the Lair.
  8022 | D:8      | Acquired Dithmengos' third power
  8082 | D:8      | Reached XP level 11. HP: 50/50 MP: 23/29
  8579 | Lair:1   | Entered Level 1 of the Lair of Beasts
  8700 | Lair:1   | Acquired Dithmengos' fourth power
 10180 | Lair:2   | Reached skill level 10 in Short Blades
 11054 | Lair:3   | Reached XP level 12. HP: 26/58 MP: 4/30
 11219 | Lair:3   | Noticed a seven-headed hydra
 11229 | Lair:3   | Killed a seven-headed hydra
 11321 | Lair:3   | Reached skill level 15 in Stealth
 11894 | Lair:4   | Found a staircase to the Snake Pit.
 12648 | D:9      | Found a staircase to the Orcish Mines.
 12942 | D:9      | Noticed Maurice
 12965 | D:9      | Killed Maurice
 13012 | D:9      | Noticed Erolcha
 13014 | D:9      | Killed Erolcha
 13107 | D:9      | Found a radiant altar of Vehumet.
 13108 | D:9      | Found a snail-covered altar of Cheibriados.
 13115 | D:9      | Reached skill level 16 in Stealth
 13274 | D:9      | Reached skill level 5 in Fighting
 13388 | D:10     | Entered Level 10 of the Dungeon
 13906 | D:10     | Found a shadowy altar of Dithmengos.
 14102 | D:10     | Reached XP level 13. HP: 63/63 MP: 23/31
 14597 | D:11     | Noticed Nessos
 14607 | D:11     | Shot with a poisoned arrow of flame by Nessos

Action                   |  1- 3 |  4- 6 |  7- 9 | 10-12 | 13-15 || total
-------------------------+-------+-------+-------+-------+-------++-------
Melee: Dagger            |   128 |   112 |   170 |   572 |    21 ||  1003
 Cast: Ensorcelled Hiber |    12 |    39 |    66 |   176 |     6 ||   299
       Corona            |     1 |     4 |     2 |       |       ||     7
       Confuse           |       |     2 |     8 |    14 |     3 ||    27
       Invisibility      |       |       |       |    12 |     1 ||    13
Invok: Shadow Step       |       |       |       |     5 |     1 ||     6
Evoke: Wand              |       |       |     2 |     9 |       ||    11
  Use: Potion            |       |       |     7 |     3 |     1 ||    11
 Stab: Sleeping          |    16 |    32 |    46 |   278 |    12 ||   384
       Confused          |       |     1 |     4 |    10 |     3 ||    18
       Distracted        |       |     1 |     1 |     4 |       ||     6
       Invisible         |       |       |       |    12 |     1 ||    13
